 Dungeon Crawl Stone Soup version 0.20.1-1-g8b1a95d (webtiles) character file.

359 carlb the Conjurer (level 6, -2/49 HPs)
             Began as a Naga Wizard on Dec 8, 2017.
             Slain by an ogre
             ... wielding a +0 giant spiked club
              (20 damage)
             ... on level 4 of the Dungeon.
             The game lasted 00:16:01 (4693 turns).

carlb the Conjurer (Naga Wizard)                    Turns: 4693, Time: 00:16:02

Health: -2/49      AC:  4    Str:  9    XL:     6   Next: 65%
Magic:  4/10       EV: 10    Int: 21    God:
Gold:   128        SH:  0    Dex:  9    Spells: 2/11 levels left

rFire    . . .     SeeInvis +   i - +0 spear
rCold    . . .     Gourm    .   (no shield)
rNeg     . . .     Faith    .   a - +0 robe
rPois    +         Spirit   .   l - +0 helmet
rElec    .         Reflect  .   (no cloak)
rCorr    .         Harm     .   (no gloves)
MR       .....                  (no barding)
Stlth    ++........             (no amulet)
Regen    0.2/turn               (no ring)
MPRegen  0.2/turn               (no ring)

@: very slow
A: see invisible, deformed body, poison resistance, slowness 2, slow metabolism
1, spit poison 1, AC +2
a: Spit Poison


You were on level 4 of the Dungeon.
You were not hungry.

You visited 1 branch of the dungeon, and saw 4 of its levels.

You collected 200 gold pieces.
You spent 72 gold pieces at shops.

Inventory:

Hand Weapons
 i - a +0 spear (weapon)
Armour
 a - a +0 robe (worn)
 l - a +0 helmet (worn)
Jewellery
 m - an uncursed ring of ice
Scrolls
 b - a scroll of random uselessness {unknown}
 g - a scroll of fog
 h - 3 scrolls of identify
 j - 2 scrolls of immolation {unknown}
 k - 2 scrolls of amnesia {unknown}
 o - 3 scrolls of magic mapping {unknown}
 p - a scroll of remove curse {unknown}
Potions
 e - a potion of mutation {unknown}
 q - a potion of lignification
Books
 c - a book of Minor Magic

   Spells                             Type                      Level
   a - Magic Dart                     Conjuration                  1
   b - Blink                          Translocation                2
   c - Call Imp                       Summoning                    2
   d - Slow                           Hexes                        2
   e - Conjure Flame                  Conjuration/Fire             3
   f - Mephitic Cloud                 Conjuration/Poison/Air       3
Comestibles
 d - 2 bread rations
 f - 2 royal jellies


   Skills:
 - Level 1.5 Dodging
 - Level 3.0 Stealth
 - Level 3.0 Spellcasting
 + Level 5.4 Conjurations
 - Level 1.0 Summonings
   Level 1.0 Translocations
 + Level 3.5 Fire Magic


You had 2 spell levels left.
You knew the following spells:

 Your Spells              Type           Power        Failure   Level  Hunger
a - Magic Dart            Conj           ####         1%          1    None
b - Call Imp              Summ           #.......     13%         2    ##.....
c - Conjure Flame         Conj/Fire      ###.....     6%          3    ###....
d - Mephitic Cloud        Conj/Pois/Air  ##......     19%         3    ###....


Dungeon Overview and Level Annotations

Branches:
Dungeon (4/15)
 Temple: D:4-7

Altars:
Dithmenos
Elyvilon
Gozag
Hepliaklqana
Xom

Shops:
D:4 !

Annotations:
D:4 Pikel


Innate Abilities, Weirdness & Mutations

You cannot wear boots.
Your serpentine skin is tough. (AC +2)
You have supernaturally acute eyesight. (SInv)
Armour fits poorly on your strangely shaped body.
Your system is resistant to poisons. (rPois)
You cover ground very slowly.
You have a slow metabolism.
You can spit poison.


Message History

Your crimson imp dies!
The ogre misses your crimson imp.
Your crimson imp closely misses the worker ant.
The worker ant completely misses you.
The adder skeleton bites you but does no damage.
As you read the scroll labeled BIEHUM AZXOCK, it crumbles to dust.
It is a scroll of identify.
g - 2 scrolls of fog The worker ant bites you but does no damage.
Your crimson imp misses the worker ant.
The ogre hits your crimson imp but does no damage.
The adder skeleton closely misses you.
As you read the scroll of fog, it crumbles to dust.
The scroll dissolves into smoke.
The worker ant bites you but does no damage.
Your crimson imp blinks!
The adder skeleton barely misses you. The worker ant barely misses you.
The ogre hits you with a giant spiked club!!
You die...

#...[(...# .#
#.###.##.# ###.####
#.# #####....#
...... #.. '....#
......# #..
#....#.......# #..
#.§.# ..###'##.(
#..##§§.##..##.. #..
#.§@aZ§.............
#..§O§§............
+.5§.§§...........
#..###.)#######'###
#.. #..######....##
# #..
#.............. ###
#.. #..............
... ..)
#.............. ...
#######...#####


You could see an ogre, a worker ant, an adder skeleton and a friendly crimson
imp.

Vanquished Creatures
  Duvessa (D:4)
  Dowan (D:4)
  3 orc priests
  5 adders
  A gnoll (D:1)
  2 oozes
  A dart slug (D:1)
  A leopard gecko (D:2)
  2 orcs
  2 giant cockroaches
  9 goblins
  8 hobgoblins
  A quokka (D:3)
  2 ball pythons
  3 bats
  2 frilled lizards
  3 kobolds
  A rat (D:3)
48 creatures vanquished.

Vanquished Creatures (collateral kills)
  An orc priest (D:4)
  2 orc wizards (D:4)
  A worker ant (D:3)
  A worm (D:2)
  5 orcs (D:4)
10 creatures vanquished.

Grand Total: 58 creatures vanquished

Notes
Turn   | Place    | Note
-------+----------+-------------------------------------------
     0 | D:1      | carlb the Naga Wizard began the quest for the Orb.
     0 | D:1      | Reached XP level 1. HP: 15/15 MP: 4/4
    72 | D:1      | Found a shimmering altar of Xom.
   352 | D:1      | Reached skill level 2 in Conjurations
   352 | D:1      | Reached XP level 2. HP: 10/22 MP: 0/6
   356 | D:1      | Learned a level 2 spell: Call Imp
   714 | D:1      | Reached XP level 3. HP: 28/28 MP: 2/7
   783 | D:1      | Reached skill level 3 in Conjurations
  1376 | D:2      | Found an opulent altar of Gozag.
  1429 | D:2      | Found a shadowy altar of Dithmenos.
  1661 | D:2      | Reached XP level 4. HP: 36/36 MP: 6/8
  1666 | D:2      | Learned a level 3 spell: Conjure Flame
  1670 | D:2      | Learned a level 3 spell: Mephitic Cloud
  1793 | D:2      | Reached skill level 1 in Fire Magic
  1849 | D:2      | Reached skill level 4 in Conjurations
  1881 | D:2      | Found a hazy altar of Hepliaklqana.
  2438 | D:3      | Found a shimmering altar of Xom.
  2459 | D:3      | Found a white marble altar of Elyvilon.
  2482 | D:3      | Reached XP level 5. HP: 38/42 MP: 3/9
  3206 | D:4      | Found Badahoa's Distillery.
  3214 | D:4      | Bought a potion of curing for 36 gold pieces
  3214 | D:4      | Bought a potion of lignification for 36 gold pieces
  3343 | D:4      | Noticed an ogre
  3605 | D:4      | Noticed Pikel
  3605 | D:4      | Noticed a slave
  3606 | D:4      | Noticed a slave
  3606 | D:4      | Noticed a slave
  3907 | D:3      | Reached XP level 6. HP: 40/49 MP: 3/10
  3967 | D:4      | Reached skill level 5 in Conjurations
  4172 | D:4      | Noticed Duvessa
  4172 | D:4      | Noticed Dowan
  4188 | D:4      | Noticed a slave
  4398 | D:4      | Killed Duvessa
  4507 | D:4      | Killed Dowan
  4693 | D:4      | Slain by an ogre

Skill      XL: |  1  2  3  4  5  6 |
---------------+-------------------+-----
Conjurations   | 2 3 4 5 |  5.4
Fire Magic     | 1 2 3 |  3.5
Dodging        | |  1.5
Stealth        | |  3.0
Spellcasting   | |  3.0
Summonings     | |  1.0
Translocations | |  1.0

Action                   |  1- 3 |  4- 6 || total
-------------------------+-------+-------++-------
Melee: Short sword       |     1 |       ||     1
       Spear             |     3 |    20 ||    23
 Cast: Magic Dart        |    46 |    60 ||   106
       Call Imp          |     3 |    30 ||    33
       Conjure Flame     |       |     2 ||     2
       Mephitic Cloud    |       |     1 ||     1
 Abil: Spit Poison       |    11 |     7 ||    18
  Use: Scroll            |       |     2 ||     2
       Potion            |       |     1 ||     1
 Stab: Distracted        |       |     1 ||     1
  Eat: Chunk             |     1 |     5 ||     6
       Meat ration       |       |     1 ||     1
Armor: Robe              |       |    15 ||    15
Dodge: Dodged            |     6 |    27 ||    33
